 Dungeon Crawl Stone Soup version 0.26-a0-489-g112e8ad46e (webtiles) character file.

Game seed: 10333187709700312672

5713 Gobser the Cleaver (level 10, 0/74 HPs)
             Began as a Demonspawn Gladiator on Aug 3, 2020.
             Was an Elder of Okawaru.
             Killed from afar by an electric eel (10 damage)
             ... with a bolt of electricity
             ... on level 8 of the Dungeon.
             The game lasted 00:42:17 (7797 turns).

Gobser the Cleaver (Demonspawn Gladiator)           Turns: 7797, Time: 00:42:19

Health: 0/74       AC: 19    Str: 17      XL:     10   Next: 48%
Magic:  10/10      EV: 12    Int: 11      God:    Okawaru [****..]
Gold:   381        SH:  5    Dex: 11 (12) Spells: 9/9 levels left

rFire    . . .     SeeInvis +   j - +8 battleaxe (freeze)
rCold    + . .     Faith    .   (shield currently unavailable)
rNeg     . . .     Spirit   .   q - +6 ring mail of Ucwiozong {rCorr SInv}
rPois    +         Reflect  +   (helmet restricted)
rElec    .         Harm     .   (no cloak)
rCorr    +                      k - +2 pair of gloves
MR       .....                  (no boots)
Stlth    +.........             m - amulet of reflection
HPRegen  0.22/turn              p - ring of protection from cold
MPRegen  0.12/turn              l - +4 ring of protection

@: no status effects
A: antennae 2, claws 2, talons 1, clever 1, clumsy 1, demonic guardian 1,
mutation resistance 1, poison resistance, spiny 3, weak 1, subdued magic 1
a: Heroism, Renounce Religion


You were on level 8 of the Dungeon.
You worshipped Okawaru.
Okawaru was greatly pleased with you.
You visited 2 branches of the dungeon, and saw 9 of its levels.
You also visited: Sewer.

You collected 381 gold pieces.

Inventory:

Hand Weapons
 a - a +0 long sword
 j - a +8 battleaxe of freezing (weapon)
Missiles
 d - 2 throwing nets (quivered)
 e - 11 boomerangs
Armour
 b - a +0 leather armour
 c - a +2 helmet
 f - a +0 ring mail
 g - a +0 plate armour
 k - a +2 pair of gloves (worn)
 q - the +6 ring mail of Ucwiozong (worn) {rCorr SInv}
   (You found it on level 4 of the Dungeon)

   It lets you see invisible.
   It provides partial protection from all sources of acid and corrosion.
 r - a +0 pair of gloves
Magical Staves
 B - an uncursed staff of earth
 F - an uncursed staff of death
Jewellery
 l - a +4 ring of protection (right hand)
 m - an amulet of reflection (around neck)
 p - a ring of protection from cold (left hand)
Wands
 w - a wand of enslavement (3)
 x - a wand of paralysis (9)
 y - a wand of polymorph (5)
 G - a wand of iceblast (5)
Scrolls
 h - 2 scrolls of amnesia
 o - 6 scrolls of teleportation
 u - 4 scrolls of identify
 A - a scroll of magic mapping {unknown}
 D - 2 scrolls of remove curse
 H - a scroll of enchant armour
Potions
 i - a potion of stabbing
 n - 2 potions of might
 s - 2 potions of heal wounds
 t - 7 potions of curing
 v - 2 potions of magic
 z - 3 potions of flight
 C - a potion of lignification {unknown}
Miscellaneous
 E - a lightning rod (4/4)


   Skills:
 + Level 5.2 Fighting
 + Level 5.3 Long Blades
 * Level 11.1 Axes
 - Level 1.8 Throwing
 + Level 4.9 Armour
 + Level 4.0 Dodging
 - Level 2.0 Stealth


You had 9 spell levels left.
You didn't know any spells.
Your spell library contained the following spells:

 Spells                   Type           Power        Failure   Level
 Magic Dart               Conj           #...         47%         1
 Searing Ray              Conj           #.....       63%         2
 Dazzling Flash           Conj/Hex       #.....       86%         3
 Fulminant Prism          Conj/Hex       #.........   99%         4
 Iskenderun's Mystic Bla  Conj/Tloc      #.......     99%         4
 Leda's Liquefaction      Hex/Erth       #.........   99%         4
 Bolt of Magma            Conj/Fire/Erth #.........   100%        5
 Iron Shot                Conj/Erth      #.........   100%        6
 Statue Form              Tmut/Erth      #........    100%        6
 Shatter                  Erth           #.........   100%        9


Dungeon Overview and Level Annotations

Branches:
Dungeon (8/15)             Temple (1/1) D:5           Sewer (visited)
   Lair: D:8-11

Altars:
Ashenzari
Cheibriados
Dithmenos
Elyvilon
Fedhas
Gozag
Hepliaklqana
Kikubaaqudgha
Makhleb
Nemelex Xobeh
Okawaru
Qazlal
Ru
Sif Muna
Trog
Uskayaw
Vehumet
Wu Jian
Xom
Yredelemnul
Zin
The Shining One


Innate Abilities, Weirdness & Mutations

You have a pair of antennae on your head.
You have very sharp fingernails.
You have sharp toenails.
A weak demonic guardian rushes to your aid.
You are completely covered in sharp spines.
Your mind is acute. (Int +2)
You are clumsy. (Dex -2)
You are somewhat resistant to further mutation.
Your system is resistant to poisons. (rPois)
You are weak. (Str -2)
Your spells are a little easier to cast, but a little less powerful.


Message History

The bolt of electricity hits you.
You hit the electric eel. You freeze the electric eel.
You kill the electric eel!
Okawaru accepts your kill.
You hear a splash.
You hit the plant. You freeze the plant.
The electric eel shoots out a bolt of lightning at you!
The bolt of electricity hits you!
* * * LOW HITPOINT WARNING * * *
The electric eel shoots out a bolt of lightning at you!
The bolt of electricity hits you!
* * * LOW HITPOINT WARNING * * *
Your shadow imp misses the electric eel.
Your shadow imp misses the electric eel.
The electric eel shoots out a bolt of lightning at you!
The bolt of electricity hits the plant!
The bolt of electricity hits you.
* * * LOW HITPOINT WARNING * * *
The electric eel shoots out a bolt of lightning at you!
The bolt of electricity hits you!
You die...

..# #.#######.....##.#.##.#.# ..#
###.# #.###.##.#......# ..##
#...# #...........#.###
...####.#############.##....#.###
........##≈≈≈≈....###.##.........
.#.######≈########.##.##.[.......
##.### #.##≈;(≈..##≈#.##.........
.....# #.#≈≈5.≈...#≈#.##.........
.....# #.#≈;(P..@.#.#.#######.###
.....# #)#≈≈.P...'#.#.# #†#
###..###≈##≈..P..#(.#.# #.#
##.##≈##########.##.# #####.#
####.#≈##≈.[P..##(≈#..###.....##
..##.#.#≈≈..≈...#(##...........#
..##.#.#≈.†≈....#≈#............#
).##.#.#≈≈..≈..'#)#............#
..##.#'##≈.≈P..#..#............#


You could see 2 electric eels and a friendly shadow imp (summoned).

Vanquished Creatures
  A two-headed ogre (D:8)
  Pikel (D:7)
  An ugly thing (D:8)
  A shadow (D:8)
  A water moccasin (D:8)
  3 ice beasts
  A sky beast (D:5)
  The ghost of P0WERM0DE the Ruffian, an amateur TrDe (D:3)
  Duvessa (D:7)
  3 orc warriors
  2 phantoms (D:5)
  5 ogres
  A centaur (D:8)
  A lemure (D:7)
  A gnoll sergeant (D:8)
  5 bullfrogs
  Dowan (D:7)
  A wyvern skeleton (D:8)
  5 scorpions
  5 killer bees (D:8)
  8 wights
  A howler monkey (D:4)
  3 electric eels (D:8)
  2 bullfrog zombies
  A quasit (D:8)
  A jelly (D:8)
  7 orc priests
  4 hounds
  Terence (D:2)
  4 iguanas
  7 orc wizards
  3 worker ants
  A mummy (D:4)
  9 adders
  2 white imps
  An ufetubus (D:8)
  2 oozes
  3 adder skeletons
  7 worms
  3 dart slugs (D:2)
  4 leopard geckos
  39 orcs
  2 ball pythons
  6 bats
  5 giant cockroaches
  3 goblins
  9 hobgoblins
  2 jackals (D:1)
  14 kobolds
  4 quokkas
  5 frilled lizards
  A jackal zombie (D:7)
  3 kobold zombies (D:4)
  A leopard gecko skeleton (D:4)
  An orc zombie (D:4)
  7 rats
  A plant (D:8)
218 creatures vanquished.

Vanquished Creatures (collateral kills)
  Purgy (Sewer)
  An electric eel (D:8)
  An orc wizard (D:5)
  2 orcs
5 creatures vanquished.

Vanquished Creatures (others)
  A plant (D:8)
1 creature vanquished.

Grand Total: 224 creatures vanquished

Notes
Turn   | Place    | Note
-------+----------+-------------------------------------------
     0 | D:1      | Gobser the Demonspawn Gladiator began the quest for the
                  | Orb.
     0 | D:1      | Reached XP level 1. HP: 16/16 MP: 1/1
    20 | D:1      | Gained mutation: You tend to lose your temper in combat.
                  | [potion of mutation]
    20 | D:1      | Gained mutation: Your spells are a little easier to cast,
                  | but a little less powerful. [potion of mutation]
    20 | D:1      | Gained mutation: Your magical capacity is low. (-10% MP)
                  | [potion of mutation]
    20 | D:1      | Gained mutation: Your mind is acute. (Int +2) [potion of
                  | mutation]
   207 | D:1      | Gained mutation: You are partially covered in sharp spines.
                  | [demonic ancestry]
   207 | D:1      | Reached XP level 2. HP: 21/22 MP: 1/1
   880 | D:2      | Noticed Terence
   886 | D:2      | Reached skill level 1 in Armour
   886 | D:2      | Gained mutation: A weak demonic guardian rushes to your
                  | aid. [demonic ancestry]
   886 | D:2      | Reached XP level 3. HP: 11/27 MP: 2/2
   890 | D:2      | Killed Terence
  1235 | D:2      | Gained mutation: You are mostly covered in sharp spines.
                  | [demonic ancestry]
  1235 | D:2      | Reached XP level 4. HP: 30/34 MP: 3/3
  1624 | D:3      | Found a shattered altar of Ashenzari.
  1711 | D:3      | Gained mutation: You are completely covered in sharp
                  | spines. [demonic ancestry]
  1711 | D:3      | Reached XP level 5. HP: 30/39 MP: 4/4
  1748 | D:3      | Reached skill level 5 in Long Blades
  1748 | D:3      | Gained mutation: You have sharp fingernails. [demonic
                  | ancestry]
  1748 | D:3      | Reached XP level 6. HP: 21/46 MP: 5/5
  2042 | D:3      | Found a snail-covered altar of Cheibriados.
  2079 | D:3      | Found a runed translucent gate.
  2079 | D:3      | Found a runed translucent gate.
  2079 | D:3      | Found a runed translucent gate.
  2079 | D:3      | Noticed P0WERM0DE's ghost (amateur TrDe)
  2090 | D:3      | Killed P0WERM0DE's ghost
  2090 | D:3      | Reached skill level 1 in Axes
  2401 | D:3      | Found a glowing golden altar of the Shining One.
  2726 | D:4      | Got an encrusted ring mail
  2729 | D:4      | Identified the +6 ring mail of Ucwiozong {rCorr SInv} (You
                  | found it on level 4 of the Dungeon)
  2750 | D:4      | Reached skill level 2 in Axes
  2786 | D:4      | Gained mutation: You have a pair of small antennae on your
                  | head. [demonic ancestry]
  2786 | D:4      | Reached XP level 7. HP: 52/52 MP: 6/6
  2824 | D:4      | Found a glowing drain.
  2833 | Sewer    | Entered a sewer
  2950 | Sewer    | Noticed Purgy
  2953 | Sewer    | Killed Purgy
  3462 | D:4      | Reached skill level 3 in Axes
  3731 | D:4      | Reached skill level 4 in Axes
  4105 | D:5      | Entered Level 5 of the Dungeon
  4140 | D:5      | Reached skill level 5 in Axes
  4140 | D:5      | Gained mutation: You have very sharp fingernails. [demonic
                  | ancestry]
  4140 | D:5      | Reached XP level 8. HP: 28/58 MP: 7/7
  4524 | D:5      | Found a staircase to the Ecumenical Temple.
  4540 | Temple   | Entered the Ecumenical Temple
  4694 | Temple   | Became a worshipper of Warmaster Okawaru
  4785 | D:5      | Reached skill level 6 in Axes
  5000 | D:5      | Found a stormy altar of Qazlal.
  5002 | D:5      | Noticed an air elemental
  5035 | D:5      | Reached skill level 1 in Stealth
  5083 | D:5      | You fall into a shaft and drop 1 floor!
  5090 | D:6      | Reached * piety under Okawaru
  5090 | D:6      | Reached skill level 7 in Axes
  5220 | D:6      | Gained mutation: You have sharp toenails. [demonic
                  | ancestry]
  5220 | D:6      | Reached XP level 9. HP: 57/65 MP: 8/8
  5462 | D:6      | Found a radiant altar of Vehumet.
  5462 | D:6      | Found a sacrificial altar of Ru.
  6037 | D:7      | Noticed Duvessa
  6040 | D:7      | Noticed Dowan
  6043 | D:7      | Killed Duvessa
  6043 | D:7      | Reached skill level 8 in Axes
  6045 | D:7      | Killed Dowan
  6122 | D:7      | Noticed Pikel
  6132 | D:7      | Killed Pikel
  6132 | D:7      | Reached ** piety under Okawaru
  6135 | D:7      | Found a shadowy altar of Dithmenos.
  6177 | D:7      | Reached skill level 9 in Axes
  6641 | D:8      | Noticed a two-headed ogre
  6650 | D:8      | Killed a two-headed ogre
  6650 | D:8      | Reached *** piety under Okawaru
  6650 | D:8      | Reached skill level 10 in Axes
  6650 | D:8      | Gained mutation: You have a pair of antennae on your head.
                  | [demonic ancestry]
  6650 | D:8      | Reached XP level 10. HP: 68/73 MP: 9/9
  6994 | D:8      | Found a large runed translucent door.
  6996 | D:8      | Found a large runed translucent door.
  7023 | D:8      | Reached skill level 5 in Fighting
  7046 | D:8      | Noticed a cyan ugly thing
  7054 | D:8      | Killed a cyan ugly thing
  7054 | D:8      | Reached **** piety under Okawaru
  7055 | D:8      | Found a large runed translucent door.
  7055 | D:8      | Found a large runed translucent door.
  7312 | D:8      | Reached skill level 11 in Axes
  7597 | D:8      | Lost mutation: You tend to lose your temper in combat.
                  | [potion of mutation]
  7597 | D:8      | Lost mutation: Your magical capacity is low. (-10% MP)
                  | [potion of mutation]
  7597 | D:8      | Gained mutation: Your system is resistant to poisons.
                  | (rPois) [potion of mutation]
  7597 | D:8      | Gained mutation: You are weak. (Str -2) [potion of
                  | mutation]
  7597 | D:8      | Gained mutation: You are clumsy. (Dex -2) [potion of
                  | mutation]
  7597 | D:8      | Gained mutation: You are somewhat resistant to further
                  | mutation. [potion of mutation]
  7797 | D:8      | Killed from afar by an electric eel

Illustrated notes

Levels and vault maps discovered:
D:1:      dpeg_arrival_three_same_balls, layout_basic
D:2:      layout_rooms, uniq_terence
D:3:      layout_basic, nicolae_overflow_hidden_temple,
          ebering_ghost_rock_garden
D:4:      minmay_chambers_of_twos, layout_basic, lightli_sewer_entry_pipes,
          minmay_misc_feat_secret_circle, minmay_mini_ossuary
D:5:      layout_layer_cave, minmay_temple_entry_arrows,
          nicolae_qazlal_style_of_elements
D:6:      layout_basic, chequers_temple_overflow_statue_of_worship,
          minmay_crystal_water, st_stairs_4
D:7:      layout_rooms, basic_altar, uniq_duvessa, uniq_pikel
D:8:      cheibrodos_two_vegetables, layout_basic,
          eino_small_chamber_without_monster, minmay_hollow_rounded_squares
Temple:   minmay_crystal_spiral_temple

Skill      XL: |  1  2  3  4  5  6  7  8  9 10 |
---------------+-------------------------------+-----
Dodging        | 3 4 |  4.0
Long Blades    | 3 4 5 |  5.3
Armour         | 1 2 3 4 |  4.9
Fighting       | 3 4 5 |  5.2
Axes           | 2 5 7 10 11 | 11.1
Stealth        | 1 2 |  2.0
Throwing       | |  1.8

Action                   |  1- 3 |  4- 6 |  7- 9 | 10-12 || total
-------------------------+-------+-------+-------+-------++-------
Melee: Long sword        |    52 |    67 |       |       ||   119
       Battleaxe         |       |    39 |   165 |    63 ||   267
       Kick              |       |       |    14 |     8 ||    22
Throw: Throwing net      |       |       |     1 |       ||     1
  Use: Potion            |     1 |     4 |     6 |     1 ||    12
       Scroll            |     3 |     5 |    12 |     3 ||    23
 Stab: Distracted        |       |       |     1 |       ||     1
Armor: Ring mail         |     2 |       |    86 |    26 ||   114
       Plate armour      |    28 |    71 |       |       ||    99
Dodge: Dodged            |    24 |    26 |    80 |    38 ||   168
Block: Other             |       |       |     8 |    13 ||    21
       Rpst.: Long sword |     8 |     8 |       |       ||    16

Table legend: (Time is in decaauts)
 A = Elapsed time spent in this place.
 B = Non-inter-level travel time spent in this place.
 C = Inter-level travel time spent in this place.
 D = Time resting spent in this place.
 E = Time spent auto-exploring this place.
 F = Levels seen in this place.
 G = Mean time per level.
                   A        B        C        D        E       F      G
               +--------+--------+--------+--------+--------+-----+--------+
         Total |   8047 |   8022 |     25 |   1482 |   1969 |  10 |  804.7 |
       Dungeon |   7660 |   7635 |     25 |   1482 |   1969 |   8 |  957.5 |
        Temple |    193 |    193 |      0 |      0 |      0 |   1 |  193.0 |
         Sewer |    193 |    193 |      0 |      0 |      0 |   1 |  193.0 |
               +--------+--------+--------+--------+--------+-----+--------+

Top non-repeatable levels by time:
     D:4: 1291 daAuts
     D:8: 1249 daAuts
     D:3: 1106 daAuts
     D:6: 966 daAuts
     D:1: 882 daAuts
     D:5: 804 daAuts
     D:2: 772 daAuts
     D:7: 587 daAuts
  Temple: 193 daAuts
   Sewer: 193 daAuts
